 Dungeon Crawl Stone Soup version 0.29.1-1-gd02db6906a (webtiles) character file.

Game seed: 11501976471194991658

2624 lonewolfV2 the Ruffian (level 9, -5/133 HPs)
             Began as a Troll Berserker on Oct 17, 2022.
             Was an Elder of Trog.
             Slain by a sixfirhy (10 damage)
             ... on level 7 of the Dungeon.
             The game lasted 00:10:49 (5862 turns).

lonewolfV2 the Ruffian (Troll Berserker)            Turns: 5862, Time: 00:10:50

Health: -5/133     AC:  5    Str: 31    XL:     9   Next: 34%
Magic:  8/8        EV: 11    Int:  3    God:    Trog [****..]
Gold:   382        SH:  0    Dex:  9    Spells: 8/8 levels left

rFire   . . .      SeeInvis .     - Unarmed
rCold   . . .      Faith    .   (no shield)
rNeg    . . .      Spirit   .   a - +1 animal skin
rPois   .          Reflect  .   (helmet restricted)
rElec   .          Harm     .   (no cloak)
rCorr   .          Rampage  .   (gloves unavailable)
Will    .....                   (boots unavailable)
Stlth   ..........              r - amulet of regeneration
HPRegen 1.92/turn               v - ring of flight
MPRegen 0.11/turn               (no ring)

@: berserking (expiring), flying, very quick
A: large, unfitting armour, claws 3, regeneration 1, shaggy fur 1, tough skin 1
a: Renounce Religion, Berserk, Trog's Hand, Brothers in Arms


You were on level 7 of the Dungeon.
You worshipped Trog.
Trog was greatly pleased with you.
You visited 1 branch of the dungeon, and saw 7 of its levels.
You also visited: Ossuary.

You collected 382 gold pieces.

Inventory:

Armour
 a - a +1 animal skin (worn)
Jewellery
 k - an amulet of guardian spirit
 r - an amulet of regeneration (around neck)
 v - a ring of flight (left claw)
Wands
 m - a wand of digging (3)
 t - a wand of flame (26)
Scrolls
 c - 3 scrolls of fog
 e - 2 scrolls of teleportation
 f - a scroll of enchant armour
 q - a scroll of fear
 x - a scroll of identify
Potions
 b - 2 potions of flight
 d - 5 potions of curing
 g - 5 potions of heal wounds
 h - 2 potions of cancellation {unknown}
 i - 2 potions of haste
 j - 3 potions of degeneration
 l - 6 potions of attraction
 n - 2 potions of might
 o - 2 potions of berserk rage {unknown}
 p - a potion of mutation {unknown}
 s - a potion of magic {unknown}
 u - a potion of brilliance {unknown}
 w - a potion of invisibility {unknown}
 z - a potion of lignification {unknown}


   Skills:
 + Level 6.0 Fighting
 + Level 4.6 Armour
 + Level 6.0 Dodging
 + Level 7.2 Unarmed Combat


You had 8 spell levels left.
You didn't know any spells.
Your spell library was empty.

Dungeon Overview and Level Annotations

Branches:
Dungeon (7/15)             Temple (0/1) D:4         Ossuary (visited)

Altars:
Elyvilon
Fedhas
Uskayaw
Yredelemnul

Annotations:
D:3 exclusion: oklob plant


Innate Abilities, Weirdness & Mutations

You are too large for most types of armour.
You have claws for hands.
Your natural rate of healing is unusually fast.
You are covered in fur. (AC +1)
You have tough skin. (AC +1)


Message History

A red film seems to cover your vision as you go berserk!
You feel yourself moving faster!
You feel mighty!
The door flies open with a bang!
You feel a strong urge to attack something.
You hear a croak.
The sixfirhy hits you! The sixfirhy shocks you! The sixfirhy hits you.
The sixfirhy shocks you!
A bullfrog comes into view.
You barely miss the sixfirhy. The sixfirhy hits you! The sixfirhy shocks you!
The sixfirhy barely misses you. The sixfirhy hits you. The sixfirhy shocks you!
You claw the sixfirhy!
The sixfirhy is heavily wounded.
You barely miss the sixfirhy.
The sixfirhy is moderately wounded.
You closely miss the sixfirhy.
The sixfirhy is moderately wounded.
You completely miss the sixfirhy.
The sixfirhy is moderately wounded.
You barely miss the sixfirhy.
The sixfirhy is moderately wounded.
The sixfirhy hits you! The sixfirhy shocks you!
The sixfirhy closely misses you.
You claw the sixfirhy!
The sixfirhy is severely wounded.
The sixfirhy hits you. The sixfirhy shocks you!
The sixfirhy hits you but does no damage.
The sixfirhy hits you.
* * * LOW HITPOINT WARNING * * *
The sixfirhy shocks you!
* * * LOW HITPOINT WARNING * * *
You are too berserk!
You closely miss the sixfirhy.
The sixfirhy is severely wounded.
The sixfirhy hits you!
* * * LOW HITPOINT WARNING * * *
The sixfirhy shocks you!
* * * LOW HITPOINT WARNING * * *
The bullfrog hits you but does no damage.
The sixfirhy hits you!
You die...

#.# ### . #.#
#!. .. #.#
#.# ... #.#
#.# ..
#.###.##.#...
#
#<../.....!..
#. #.....##.
#..#.###.#
#....#"3@#
#..#.###F#
#..........
#...####.##.
#... #.# #
##.. ..# #..
.## #.. .


You could see a sixfirhy and a bullfrog.

Vanquished Creatures
  Edmund (D:5)
  An ice beast (D:6)
  2 orc warriors (D:6)
  2 black bears
  A sky beast (D:4)
  An ogre (D:4)
  A phantom (D:5)
  7 necrophages (D:4)
  A bullfrog (D:6)
  4 scorpions
  A water moccasin zombie (Ossuary)
  2 wyvern zombies (Ossuary)
  A howler monkey (D:5)
  A bullfrog zombie (Ossuary)
  2 centaur zombies (Ossuary)
  An orc priest (D:6)
  A human zombie (D:4)
  A gnoll bouda (D:6)
  2 iguanas
  An orc wizard (D:6)
  3 killer bee zombies (Ossuary)
  2 hound zombies (D:4)
  16 mummies
  A howler monkey zombie (Ossuary)
  Robin (D:2)
  3 gnolls (D:6)
  5 adders
  2 shadow imps (D:5)
  A white imp (D:5)
  An adder zombie (D:4)
  A worm (D:3)
  A dart slug (D:1)
  5 orcs
  7 ball pythons
  9 bats
  3 endoplasms
  3 giant cockroaches
  23 goblins
  8 hobgoblins
  13 jackals
  3 quokkas
  3 frilled lizards
  A goblin zombie (D:5)
  A hobgoblin zombie (D:5)
  4 kobolds
  6 rats
160 creatures vanquished.

Vanquished Creatures (others)
  2 fungi
  A plant (D:3)
  6 withered plants (Ossuary)
9 creatures vanquished.

Grand Total: 169 creatures vanquished

Notes
Turn   | Place    | Note
-------+----------+-------------------------------------------
     0 | D:1      | lonewolfV2 the Troll Berserker began the quest for the Orb.
     0 | D:1      | Reached XP level 1. HP: 22/22 MP: 0/0
   194 | D:1      | Reached XP level 2. HP: 27/29 MP: 1/1
   651 | D:2      | Found a faded altar of an unknown god.
   825 | D:2      | Reached XP level 3. HP: 34/36 MP: 2/2
   837 | D:2      | Reached ** piety under Trog
   929 | D:2      | Noticed Robin
   936 | D:2      | Killed Robin
   948 | D:2      | Reached XP level 4. HP: 20/45 MP: 3/3
  1499 | D:3      | Found a blossoming altar of Fedhas.
  1521 | D:3      | Noticed an oklob plant
  1681 | D:3      | Found a white marble altar of Elyvilon.
  1938 | D:4      | Noticed an ogre
  1941 | D:4      | Reached skill level 4 in Unarmed Combat
  1957 | D:4      | Killed an ogre
  1958 | D:4      | Reached XP level 5. HP: 53/53 MP: 4/4
  2055 | D:4      | Found a hide-covered altar of Uskayaw.
  2249 | D:4      | Found a staircase to the Ecumenical Temple.
  2256 | D:4      | Reached *** piety under Trog
  2378 | D:4      | Reached XP level 6. HP: 54/62 MP: 5/5
  2556 | D:4      | Reached skill level 1 in Armour
  2561 | D:4      | Found a basalt altar of Yredelemnul.
  2601 | D:4      | Reached skill level 5 in Unarmed Combat
  2601 | D:4      | Reached XP level 7. HP: 62/70 MP: 4/6
  3047 | D:5      | Entered Level 5 of the Dungeon
  3169 | D:5      | Reached XP level 8. HP: 35/79 MP: 4/7
  3275 | D:5      | Found a sand-covered staircase.
  3286 | Ossuary  | Entered an ossuary
  3346 | Ossuary  | Reached skill level 6 in Unarmed Combat
  3391 | Ossuary  | Reached skill level 5 in Fighting
  3391 | Ossuary  | Reached skill level 5 in Dodging
  3520 | Ossuary  | Reached **** piety under Trog
  3719 | D:5      | Noticed Edmund
  3728 | D:5      | Killed Edmund
  4172 | D:5      | Reached XP level 9. HP: 61/88 MP: 8/8
  4948 | D:6      | Reached skill level 7 in Unarmed Combat
  5841 | D:7      | Noticed a sixfirhy
  5841 | D:7      | Found a runed translucent door.
  5862 | D:7      | HP: 5/133 [sixfirhy (9)]
  5862 | D:7      | Slain by a sixfirhy

Illustrated notes

Levels and vault maps discovered:
D:1:      lemuel_arrival_behind_the_door_small, layout_loops_ring,
          dreamdust_mushroom_princess, hangedman_abyss_or_decor_stabs
D:2:      minmay_recursive_quarters, layout_basic,
          shapermc_ecumenical_altar_rom_forum, uniq_robin
D:3:      layout_basic, tgw_fedhas, elyvilon_altar_3
D:4:      layout_loops_cross, lemuel_mausoleum_altar_yredelemnul,
          mainiacjoe_overflow_alcove_2, minmay_temple_entry_junction,
          minivault_23
D:5:      kennysheep_spiral_hall, layout_layer_cave, nicolae_ossuary_entry_giza,
          serial_glass, glass_columns_b, glass_columns_a,
          minmay_misc_feat_doors, uniq_edmund
D:6:      layout_basic
D:7:      cheibrodos_shockbox, layout_loops_ring, kiku_gazebo_pond_becter,
          tso_altar

Skill      XL: |  1  2  3  4  5  6  7  8  9 |
---------------+----------------------------+-----
Dodging        | 3 4 5 6 |  6.0
Fighting       | 3 4 5 6 |  6.0
Unarmed Combat | 4 5 6 7 |  7.2
Armour         | 1 2 4 |  4.6

Action                   |  1- 3 |  4- 6 |  7- 9 || total
-------------------------+-------+-------+-------++-------
Melee: Unarmed           |   113 |   135 |   249 ||   497
       Punch             |     2 |     3 |     6 ||    11
Invok: Berserk           |       |       |     1 ||     1
  Use: Scroll            |       |     6 |    12 ||    18
Armor: Animal skin       |   108 |    84 |    60 ||   252
Dodge: Dodged            |   142 |    94 |   120 ||   356
